 Dungeon Crawl Stone Soup version 0.32-a0-355-ged53ad6 (webtiles) character file.

Game seed: 13121246344056845524

299627 Anonymous1 the Ninja (level 21, -6/129 HPs)
             Began as a Kobold Brigand on Feb 17, 2024.
             Was a High Priest of Ashenzari.
             Mangled by a vault warden
             ... wielding a +2 great sword of protection
              (47 damage)
             ... on level 1 of the Vaults on Feb 18, 2024.
             The game lasted 04:01:46 (47778 turns).

Anonymous1 the Ninja (Kobold Brigand)              Turns: 47778, Time: 04:01:47

Health: -6/129     AC: 24    Str: 18    XL:     21   Next: 90%
Magic:  47/47      EV: 21    Int: 16    God:    Ashenzari [*****.]
Gold:   334        SH: 13    Dex: 24    Spells: 5/65 levels left

rFire   + + .        M - +8 dagger (chaos)
rCold   . . .        V - +0 kite shield "Share My Submission" {rF+ rN+++ Will+ Dex-2, Comp, Dev} (curse)
rNeg    + + +        T - +5 swamp dragon scales of the Unyielding Gaze {rPois, Melee, Sorc} (curse)
rPois   +            q - +2 hat of the Celestial Seer {Self, Bglg} (curse)
rElec   .            G - +2 cloak "Per Aspera Ad Scientiam" {Dev, Self} (curse)
rCorr   .            h - +0 pair of gloves of the Prophetic Burden {Fort, Self} (curse)
SInv    +            Y - +2 pair of boots of Ashenzari's Planets {Int+2, Comp, Bglg} (curse)
Will    +++++        k - amulet of the Cosmic Malaise {Regen+, Range, Melee} (curse)
Stlth   +++++++++    U - ring "Potooxt" {rPois rF+ Will+ Dex+3 Stlth-}
HPRegen 1.21/turn    H - ring "Eternal Affliction" {Wiz Str+5 Stlth+, Bglg, Self} (curse)
MPRegen 0.30/turn

%: clarity, wizardry (x1)
@: silenced (expiring), hasted, invisible, very quick
A: small, no large weapons, nightstalker 3, clarity, strong-willed 2, strong 1
}: 2/15 runes: decaying, serpentine
a: Renounce Religion, Curse Item, Shatter the Chains


You were on level 1 of the Vaults.
You worshipped Ashenzari.
Ashenzari was extremely pleased with you.
You visited 8 branches of the dungeon, and saw 35 of its levels.
You also visited: Ice Cave.

You collected 4262 gold pieces.
You spent 3928 gold pieces at shops.

Inventory:

Hand Weapons
 K - the +6 short sword "Culi" {freeze, rElec rPois Dex+3 Stlth+}
   (You took it off a deep elf annihilator on level 3 of the Elven Halls)

   Dex+3:     It affects your dexterity (+3).
   rElec:     It insulates you from electricity.
   rPois:     It protects you from poison Stlth+: It makes you more stealthy.
 M - a +8 dagger of chaos (weapon)
Missiles
 j - 16 curare-tipped darts
 B - 5 atropa-tipped darts
 D - 3 throwing nets
 O - 4 datura-tipped darts (quivered)
Armour
 h - the cursed +0 pair of gloves of the Prophetic Burden (worn) {Fort, Self}
   (You found it on level 3 of the Dungeon)

   It has a curse which improves the following skills: Fortitude: Armour and
   Shields.
   Introspection: Fighting and Spellcasting.
 q - the cursed +2 hat of the Celestial Seer (worn) {Self, Bglg}
   (You bought it in a shop on level 2 of the Orcish Mines)

   It has a curse which improves the following skills: Introspection: Fighting
   and Spellcasting.
   Beguiling: Hexes and Translocations.
 G - the cursed +2 cloak "Per Aspera Ad Scientiam" (worn) {Dev, Self}
   (You took it off Maurice on level 8 of the Dungeon)

   It has a curse which improves the following skills: Devices: Evocations and
   Shapeshifting.
   Introspection: Fighting and Spellcasting.
 T - the cursed +5 swamp dragon scales of the Unyielding Gaze (worn) {rPois, Melee, Sorc}
   (You found it on level 4 of the Swamp)

   rPois:     It protects you from poison It has a curse which improves the
   following skills: Melee Combat: Short Blades, Long Blades, Axes, Maces &
   Flails, Polearms, Staves and Unarmed Combat.
   Sorcery:   Conjurations and Alchemy.
 V - the cursed +0 kite shield "Share My Submission" (worn) {rF+ rN+++ Will+ Dex-2, Comp, Dev}
   (You bought it in a shop on level 14 of the Dungeon)

   Dex-2:     It affects your dexterity (-2).
   rF+:       It protects you from fire.
   rN+++:     It renders you almost immune to negative energy.
   Will+:     It increases your willpower.
   It has a curse which improves the following skills: Companions: Summonings
   and Necromancy.
   Devices:   Evocations and Shapeshifting.
 Y - the cursed +2 pair of boots of Ashenzari's Planets (worn) {Int+2, Comp, Bglg}
   (You found it on level 5 of the Lair of Beasts)

   Int+2:     It affects your intelligence (+2).
   It has a curse which improves the following skills: Companions: Summonings
   and Necromancy.
   Beguiling: Hexes and Translocations.
Jewellery
 e - the ring "Cesil" {Fire ^Drain rCorr MP+9 Slay+4}
   (You found it on level 6 of the Dungeon)

   [ring of fire]

   Fire:      It enhances your fire magic.
   Slay+4:    It affects your accuracy & damage with ranged weapons and melee
   (+4).
   rF+:       It protects you from fire.
   rC-:       It makes you vulnerable to cold.
   MP+9:      It affects your magic capacity (+9).
   rCorr:     It protects you from acid and corrosion.
   ^Drain:    It drains your maximum health when unequipped.
 f - a ring of protection from fire
 k - the cursed amulet of the Cosmic Malaise (around neck) {Regen+, Range, Melee}
   (You found it on level 1 of the Dungeon)

   [amulet of regeneration]

   Regen+:    It increases your rate of health regeneration.
   It has a curse which improves the following skills: Ranged Combat: Ranged
   Weapons and Throwing.
   Melee Combat: Short Blades, Long Blades, Axes, Maces & Flails, Polearms,
   Staves and Unarmed Combat.
 y - the ring of Xaizxo Giu {Fly rCorr Stlth+}
   (You took it off a deep elf knight on level 3 of the Elven Halls)

   [ring of flight]

   Fly:       It grants you flight.
   rCorr:     It protects you from acid and corrosion.
   Stlth+:    It makes you more stealthy.
 H - the cursed ring "Eternal Affliction" (right hand) {Wiz Str+5 Stlth+, Bglg, Self}
   (You found it on level 9 of the Dungeon)

   [ring of wizardry]

   Wiz:       It improves your spell success rate.
   Str+5:     It affects your strength (+5).
   Stlth+:    It makes you more stealthy.
   It has a curse which improves the following skills: Beguiling: Hexes and
   Translocations.
   Introspection: Fighting and Spellcasting.
 N - a ring of protection from cold
 U - the ring "Potooxt" (left hand) {rPois rF+ Will+ Dex+3 Stlth-}
   (You found it on level 14 of the Dungeon)

   [ring of poison resistance]

   Dex+3:     It affects your dexterity (+3).
   rF+:       It protects you from fire.
   rPois:     It protects you from poison Will+: It increases your willpower.
   Stlth-:    It makes you less stealthy.
Wands
 u - a wand of paralysis (34)
 F - a wand of roots (50)
 J - a wand of polymorph (22)
 L - a wand of light (9)
 Z - a wand of digging (14)
Scrolls
 c - 10 scrolls of revelation
 i - 8 scrolls of immolation
 m - 8 scrolls of poison
 o - 14 scrolls of teleportation
 v - 2 scrolls of fear
 x - 5 scrolls of vulnerability
 A - 2 scrolls of torment
 C - a scroll of enchant armour
 E - 11 scrolls of amnesia
 I - 4 scrolls of blinking
 R - 2 scrolls of silence
 S - 4 scrolls of fog
Potions
 a - 5 potions of magic
 b - 4 potions of heal wounds
 d - 3 potions of haste
 g - 7 potions of curing
 l - 2 potions of invisibility
 n - 2 potions of ambrosia
 p - 8 potions of brilliance
 r - a potion of mutation
 s - 2 potions of attraction
 t - 3 potions of lignification
 z - a potion of resistance
 P - 2 potions of might
 Q - 5 potions of enlightenment


   Skills:
 + Level 8.3(13.3) Fighting
 + Level 12.5(15.6) Short Blades
 - Level 6.8(9.0) Throwing
 + Level 5.5(7.6) Armour
 + Level 10.0 Dodging
 O Level 27 Stealth
 + Level 8.1(10.3) Shields
 * Level 18.0(22.8) Spellcasting
 - Level 3.1(5.0) Conjurations
 + Level 15.5(19.6) Hexes
 + Level 2.5(5.0) Summonings
 + Level 1.0(2.7) Necromancy
 + Level 6.6(10.8) Translocations
 - Level 3.7 Ice Magic
 * Level 4.4 Air Magic
 - Level 2.3(4.0) Alchemy
 * Level 5.4(8.5) Evocations


You had 5 spell levels left.
You knew the following spells:

 Your Spells              Type           Power      Damage    Failure   Level
a - Ensorcelled Hibernat  Hex/Ice        100%       N/A       1%          2
b - Tukima's Dance        Hex            69%        N/A       0%          3
c - Confusing Touch       Hex            69%        N/A       0%          3
d - Summon Mana Viper     Hex/Summ       55%        N/A       1%          5
e - Mephitic Cloud        Conj/Alch/Air  32%        N/A       1%          3
f - Passage of Golubria   Tloc           52%        N/A       1%          4
g - Enfeeble              Hex            34%        N/A       1%          7
h - Anguish               Hex/Necr       26%        N/A       1%          4
i - Metabolic Englaciati  Hex/Ice        26%        N/A       1%          5
j - Yara's Violent Unrav  Hex/Alch       27%        3d12      1%          5
k - Sigil of Binding      Hex            69%        N/A       0%          3
l - Dazzling Flash        Conj/Hex       100%       N/A       1%          3
m - Passwall              Erth           18%        N/A       10%         3
B - Blink                 Tloc           100%       N/A       1%          2
C - Swiftness             Air            32%        N/A       1%          3
S - Silence               Hex/Air        27%        N/A       1%          5

Your spell library contained the following spells:

 Spells                   Type           Power      Damage    Failure   Level
 Slow                     Hex            100%       N/A       0%          1
 Jinxbite                 Hex            100%       N/A       0%          2
 Foxfire                  Conj/Fire      100%       2x1d9     1%          1
 Magic Dart               Conj           100%       1d8       1%          1
 Sting                    Conj/Alch      100%       1d9       1%          1
 Summon Small Mammal      Summ           100%       N/A       1%          1
 Call Imp                 Summ           68%        N/A       1%          2
 Cigotuvi's Dreadful Rot  Necr/Alch/Air  60%        N/A       1%          2
 Lesser Beckoning         Tloc           100%       N/A       1%          2
 Mercury Vapours          Alch/Air       62%        N/A       1%          2
 Momentum Strike          Conj/Tloc      86%        3d10      1%          2
 Static Discharge         Conj/Air       66%        3-6/arc   1%          2
 Call Canine Familiar     Summ           34%        N/A       1%          3
 Frozen Ramparts          Ice            60%        1d10      1%          3
 Inner Flame              Hex/Fire       49%        N/A       1%          3
 Ozocubu's Armour         Ice            30%        N/A       1%          3
 Dimensional Bullseye     Hex/Tloc       30%        N/A       1%          4
 Iskenderun's Mystic Bla  Conj/Tloc      43%        2d10      1%          4
 Manifold Assault         Tloc           52%        N/A       1%          4
 Vhi's Electric Charge    Tloc/Air       84%        N/A       1%          4
 Fugue of the Fallen      Necr           27%        N/A       3%          3
 Vampiric Draining        Necr           27%        2d7       3%          3
 Scorch                   Fire           36%        2d6       4%          2
 Fulminant Prism          Conj/Alch      16%        3d10      4%          4
 Summon Lightning Spire   Summ/Air       33%        N/A       4%          4
 Airstrike                Air            16%        2d(3-19)  5%          4
 Martyr's Knell           Necr/Summ      30%        N/A       6%          4
 Animate Armour           Summ/Erth      52%        N/A       11%         4
 Dispel Undead            Necr           27%        3d13      11%         4
 Summon Blazeheart Golem  Fire/Summ      26%        N/A       11%         4
 Flame Wave               Conj/Fire      26%        2d8       12%         4
 Iskenderun's Battlesphe  Conj           34%        2d9       12%         5
 Arcjolt                  Conj/Air       16%        1d26      13%         5
 Ignite Poison            Fire/Alch      24%        N/A       14%         4
 Leda's Liquefaction      Alch/Erth      12%        N/A       14%         4
 Petrify                  Alch/Erth      24%        N/A       14%         4
 Sticky Flame             Fire/Alch      24%        2d6       14%         4
 Irradiate                Conj/Alch      16%        3d17      14%         5
 Freezing Cloud           Conj/Ice/Air   16%        6-21      16%         5
 Curse of Agony           Necr           27%        N/A       26%         5
 Lee's Rapid Deconstruct  Erth           9%         3d7*      61%         5
 Summon Cactus Giant      Summ           17%        N/A       50%         6
 Malign Gateway           Summ/Tloc      21%        N/A       67%         7
 Death Channel            Necr           13%        N/A       80%         6
 Bombard                  Conj/Erth      13%        9d3       83%         6
 Starburst                Conj/Fire      13%        6d5       83%         6
 Plasma Beam              Fire/Air       12%        2x1d23    86%         6
 Orb of Destruction       Conj           17%        9d7       96%         7
 Spellforged Servitor     Conj/Summ      17%        N/A       96%         7
 Summon Hydra             Summ           17%        N/A       96%         7
 Ignition                 Fire           9%         3d5       100%        8
 Maxwell's Capacitive Co  Air            16%        ∞         100%        8
 Summon Horrible Things   Summ           17%        N/A       100%        8
 Chain Lightning          Conj/Air       16%        3d22      100%        9
 Dragon's Call            Summ           17%        N/A       100%        9
 Fire Storm               Conj/Fire      13%        8d3       100%        9
 Shatter                  Erth           9%         3d11*     100%        9


Dungeon Overview and Level Annotations

Branches:
Dungeon (15/15)            Temple (1/1) D:4            Lair (5/5) D:8
  Swamp (4/4) Lair:3        Snake (4/4) Lair:3        Slime (0/5) Lair:4
    Orc (2/2) D:11            Elf (3/3) Orc:2        Vaults (1/5) D:13
 Depths (0/4) D:15          IceCv (visited)

Altars:
Ashenzari
Cheibriados
Dithmenos
Elyvilon
Fedhas
Gozag
Hepliaklqana
Kikubaaqudgha
Makhleb
Nemelex Xobeh
Okawaru
Qazlal
Ru
Sif Muna
Trog
Uskayaw
Vehumet
Wu Jian
Xom
Yredelemnul
Zin
The Shining One
Beogh
Jiyva

Shops:
D:10 :   D:14 ((!**   Orc:1 =   Orc:2 *([   Elf:1 ([[   Elf:3 *   Snake:3 :([*
Snake:4 =   Vaults:1 *

Annotations:
D:14 exclusions: ice statue and orange crystal statue
Swamp:1 2 transporters, korenl137's ghost, adept GnCj
Snake:1 2 transporters
Snake:2 2 transporters
Elf:1 6 runed translucent doors, exclusion: obsidian statue, Hiavinka's ghost, adept DjBe
Elf:2 3 runed translucent doors


Innate Abilities, Weirdness & Mutations

You are small and have problems with some larger weapons.
You are completely attuned to the shadows.
You possess an exceptional clarity of mind.
You are highly strong-willed. (Will++)
Your muscles are strong. (Str +4, Int/Dex -1)


Message History

You feel much better.
The vault warden hits you with a +2 great sword of protection!!
* * * LOW HITPOINT WARNING * * *
You feel much better. The vault warden closely misses you.
The vault warden hits you with a +2 great sword of protection!!
* * * LOW HITPOINT WARNING * * *
You feel much better. You block the vault warden's attack.
You fade into invisibility!
You block the vault warden's attack.
The vault warden hits you but does no damage.
Press: ? - help, v - describe, . - travel
Here: a vault warden, wielding a +2 great sword of protection and wearing a +0 chain mail (silenced, heavily wounded, fast, strong, frenzied and wild, very poisoned)
An open door, spattered with blood.
You feel yourself speed up.
The vault warden hits you with a +2 great sword of protection.
There is an open door here.
Things that are here:
a +0 troll leather armour; a deep troll skeleton
There is an open door here.
The vault warden attacks as it pursues you!
The vault warden completely misses you.
The vault warden attacks as it pursues you!
The vault warden hits you with a +2 great sword of protection!!
* * * LOW HITPOINT WARNING * * *
You feel much better. You block the vault warden's attack.
You feel much better. The vault warden misses you.
Aiming: Paralyse
Press: ? - help, Shift-Dir - straight line, f - vault warden
Aim: a vault warden, wielding a +2 great sword of protection and wearing a +0 chain mail (heavily wounded, fast, strong, frenzied and wild, poisoned, chance to affect: 33%)
The vault warden easily resists.
The vault warden hits you with a +2 great sword of protection!!!
* * * LOW HITPOINT WARNING * * *
You feel much better.
The vault warden looks more healthy.
The vault warden hits you with a +2 great sword of protection!
Aiming: Paralyse
Press: ? - help, Shift-Dir - straight line, f/p - vault warden
Aim: a vault warden, wielding a +2 great sword of protection and wearing a +0 chain mail (heavily wounded, fast, strong, frenzied and wild, chance to affect: 33%)
The vault warden easily resists.
The vault warden hits you with a +2 great sword of protection!!!
You die...

..# **+*{*##$#'## #....# ..#
*,{*** ###).# #....# ..#
**+*{*##^#'## #....# ..#
*,,{{#^[..# #....# ..#
*{*{###.#.# #....# ..#
*,,,+)'...# #....# ..#
****#[##### #....#
..########'#############....#####
...............p@................
.................................
......................)...)......
.........................).......
..................).......#######
..........................#.....'
..........................#.###.#
..........................#.#^#.#
...............#'#######..#.###.#


You could see a neutral vault warden (fast, strong, frenzied).

Vanquished Creatures
  Saint Roka (Snake:3)
  Vashnia (Snake:3)
  Rupert (D:15)
  A tentacled monstrosity (Swamp:4)
  A sphinx (Vaults:1)
  2 deep elf blademasters (Elf:3)
  2 deep elf master archers (Elf:3)
  2 thorn hunters (Swamp:4)
  A storm dragon (D:14)
  5 deep elf sorcerers
  4 nagarajas
  The ghost of Teutik the Brawler, a journeyman TrSh of Sif Muna (D:14)
  5 deep elf elementalists (Elf:3)
  Louise (Swamp:1)
  A vault warden (Vaults:1)
  An orc warlord (Orc:2)
  5 ironbound preservers (Vaults:1)
  2 formless jellyfish (Vaults:1)
  5 eleionomae
  Nessos (D:13)
  9 deep elf demonologists
  6 deep elf annihilators (Elf:3)
  3 deep elf death magi (Elf:3)
  6 dire elephants
  7 bunyips
  2 yaktaur captains (Vaults:1)
  A fire dragon (D:15)
  A deep elf high priest (Elf:3)
  3 shambling mangroves
  12 vault guards
  4 ghost crabs
  7 anacondas
  A great orb of eyes (Vaults:1)
  23 hydras
  3 catoblepae
  4 salamander tyrants
  5 alligators
  7 centaur warriors
  An ironbound frostheart (Vaults:1)
  2 naga warriors
  7 two-headed ogres
  A boulder beetle (Vaults:1)
  18 dancing weapons
  An orc high priest (Orc:2)
  3 spriggan berserkers (Swamp:4)
  14 naga sharpshooters
  Sonja (Lair:4)
  6 shock serpents
  19 deep elf knights
  10 spriggans
  7 salamander mystics
  3 skeletal warriors (D:12)
  Amaemon (D:11)
  3 goliath frogs (Swamp:1)
  11 sea snakes
  19 deep trolls (Vaults:1)
  4 bog bodies
  5 spriggan druids
  8 swamp dragons (Swamp:4)
  A lindwurm (Lair:4)
  6 mana vipers
  7 naga ritualists
  16 deep elf archers
  The ghost of arrowsters the Fighter, a novice DsMo (D:6)
  7 ironbound convokers
  7 orc knights (Orc:2)
  31 deep elf pyromancers
  20 deep elf zephyrmancers
  22 ugly things
  3 wolf spiders
  Maurice (D:8)
  10 salamanders
  7 cyclopes
  6 orc sorcerers
  4 manticores
  2 moths of wrath
  2 will-o-the-wisps (Swamp:1)
  20 elephants
  2 kobold blastminers
  6 guardian serpents
  2 torpor snails
  2 vault sentinels (Vaults:1)
  40 black mambas
  8 naga magi
  An unseen horror (D:12)
  19 cane toads
  2 gargoyles
  3 kobold demonologists
  An orange demon (D:11)
  8 komodo dragons
  Psyche (D:10)
  3 rime drakes
  5 yaktaurs (Vaults:1)
  A human zombie (D:13)
  12 trolls
  15 tyrant leeches
  2 bloated husks
  18 hornets
  2 polar bears
  5 saltlings (Orc:2)
  A raiju (Swamp:2)
  10 blink frogs
  5 dream sheep (Lair:3)
  4 air elementals
  12 slime creatures
  2 vampires
  Eustachio (D:4)
  A dire elephant simulacrum (IceCv)
  2 water elementals
  17 wyverns
  A wraith (D:12)
  3 hogs (D:10)
  A human (D:10)
  50 yaks
  2 redbacks
  4 basilisks
  4 wargs
  11 vampire mosquitoes
  4 steam dragons
  17 swamp worms
  Edmund (D:4)
  36 nagas
  4 acid dragons
  Duvessa (D:4)
  27 water moccasins
  11 swamp drakes
  A sky beast (D:6)
  4 ice beasts
  6 black bears
  22 orc warriors
  2 laughing skulls (D:13)
  6 ogres
  11 wolves (Lair:2)
  11 centaurs
  12 bullfrogs
  3 kobold brigands
  A gnoll sergeant (D:5)
  5 earth elementals
  2 scorpions (D:4)
  10 wights
  A hornet simulacrum (D:6)
  Dowan (D:4)
  An elephant simulacrum (IceCv)
  11 killer bees
  7 howler monkeys
  10 electric eels
  3 bombardier beetles
  6 hounds
  13 orc priests
  A water moccasin simulacrum (D:6)
  Ijyb (D:5)
  A sleepcap (D:5)
  2 iguanas
  Terence (D:3)
  Natasha (D:3)
  23 orc wizards
  7 hell rats (Lair:5)
  A wolf simulacrum (IceCv)
  A centaur simulacrum (D:6)
  11 gnolls
  7 adders
  A shadow imp (D:7)
  4 white imps (D:6)
  2 ufetubi (D:6)
  2 dart slugs (D:1)
  A ribbon worm (D:6)
  95 orcs
  9 ball pythons
  10 endoplasms
  4 giant cockroaches
  9 goblins
  8 hobgoblins
  18 jackals
  15 kobolds
  A quokka (D:1)
  4 bats
  3 frilled lizards
  10 rats
  2 butterflies
1258 creatures vanquished.

Vanquished Creatures (collateral kills)
  A deep elf elementalist (Elf:3)
  A fire dragon (Lair:5)
  2 hydras (Swamp:4)
  A naga sharpshooter (Snake:4)
  2 spriggans (Swamp:4)
  2 skeletal warriors (D:12)
  A sea snake (Snake:3)
  A bog body (Swamp:4)
  3 swamp dragons
  A salamander (Snake:4)
  An elephant (Lair:3)
  A naga mage (Snake:4)
  2 black mambas
  A rime drake (Lair:5)
  2 hornets (Swamp:4)
  2 yaks (D:11)
  4 nagas
  A swamp drake (Swamp:4)
  An electric eel (Snake:3)
  An iguana (Snake:3)
  4 orcs
35 creatures vanquished.

Vanquished Creatures (others)
  A hydra (Swamp:4)
  A salamander mystic (Snake:4)
  A swamp dragon (Swamp:4)
  2 elephants
  A hornet (Swamp:4)
  5 bloated husks
  A spriggan zombie (Swamp:4)
  A yak (D:11)
  A steam dragon (Lair:5)
  2 swamp drakes (Swamp:4)
  A yak zombie (Lair:5)
  A swamp drake zombie (Swamp:4)
18 creatures vanquished.

Grand Total: 1311 creatures vanquished

Notes
Turn   | Place    | Note
-------+----------+-------------------------------------------
     0 | D:1      | Anonymous1 the Kobold Brigand began the quest for the Orb.
     0 | D:1      | Reached XP level 1. HP: 12/12 MP: 1/1
   100 | D:1      | Reached XP level 2. HP: 17/17 MP: 2/2
   149 | D:1      | Reached skill level 6 in Stealth
   211 | D:1      | Reached XP level 3. HP: 21/21 MP: 3/3
  1016 | D:1      | Reached XP level 4. HP: 26/26 MP: 5/5
  1136 | D:2      | Reached skill level 1 in Spellcasting
  1272 | D:2      | Reached skill level 7 in Stealth
  1481 | D:2      | Found a faded altar of an unknown god.
  1655 | D:3      | Reached XP level 5. HP: 30/30 MP: 6/6
  1971 | D:3      | Noticed Terence
  1975 | D:3      | Killed Terence
  2212 | D:3      | Noticed Natasha
  2216 | D:3      | Killed Natasha
  2220 | D:3      | Learned a level 2 spell: Ensorcelled Hibernation
  2359 | D:3      | Found a hide-covered altar of Uskayaw.
  2363 | D:3      | Reached XP level 6. HP: 35/35 MP: 8/8
  2449 | D:3      | Learned a level 2 spell: Blink
  2597 | D:4      | Noticed Eustachio
  2601 | D:4      | Killed Eustachio
  2602 | D:4      | Reached skill level 8 in Stealth
  2602 | D:4      | Reached skill level 1 in Hexes
  2614 | D:4      | Reached XP level 7. HP: 40/40 MP: 1/10
  2813 | D:4      | Found a staircase to the Ecumenical Temple.
  2818 | D:4      | Reached skill level 9 in Stealth
  2848 | Temple   | Entered the Ecumenical Temple
  2858 | Temple   | Became a worshipper of Ashenzari the Shackled
  3010 | D:4      | Noticed Dowan
  3013 | D:4      | Noticed Duvessa
  3025 | D:4      | Killed Dowan
  3181 | D:4      | Found a glowing golden altar of the Shining One.
  3299 | D:4      | Noticed Edmund
  3302 | D:4      | Killed Edmund
  3303 | D:4      | Reached XP level 8. HP: 45/45 MP: 11/13
  3671 | D:5      | Entered Level 5 of the Dungeon
  3706 | D:5      | Noticed Ijyb
  3710 | D:5      | Killed Ijyb
  3737 | D:5      | Reached skill level 10 in Stealth
  3759 | D:5      | Found a sparkling altar of Nemelex Xobeh.
  4160 | D:5      | Reached skill level 5 in Short Blades
  4472 | D:6      | Reached * piety under Ashenzari
  4560 | D:6      | Reached skill level 11 in Stealth
  4560 | D:6      | Reached XP level 9. HP: 51/51 MP: 16/16
  4659 | D:6      | Found an ornate altar of the Wu Jian Council.
  4840 | D:6      | Identified the +1 falchion of the Goat {elec, Int+8}
  4973 | D:6      | Found a snail-covered altar of Cheibriados.
  5208 | D:6      | Found a runed translucent gate.
  5209 | D:6      | Found a runed translucent gate.
  5210 | D:6      | Found a runed translucent gate.
  5269 | D:6      | Noticed a spectral centipede
  5343 | D:7      | Reached ** piety under Ashenzari
  5465 | D:7      | Reached skill level 12 in Stealth
  5754 | D:7      | Reached skill level 5 in Spellcasting
  6262 | D:7      | Reached skill level 13 in Stealth
  6341 | D:7      | Learned a level 1 spell: Slow
  6345 | D:7      | Learned a level 3 spell: Confusing Touch
  6400 | D:7      | Learned a level 3 spell: Sigil of Binding
  6687 | D:8      | Reached XP level 10. HP: 58/58 MP: 17/20
  6691 | D:8      | Reached skill level 5 in Hexes
  6855 | D:8      | Found a staircase to the Lair.
  6932 | D:8      | Reached skill level 1 in Shields
  7224 | D:8      | Identified the +7 quarterstaff of Iptoixko {flame, rCorr
                  | Str-2 Dex+6 Stlth+}
  7247 | D:8      | Reached skill level 14 in Stealth
  7492 | D:8      | Reached *** piety under Ashenzari
  7657 | D:8      | Noticed Maurice
  7663 | D:8      | Killed Maurice
  7760 | D:8      | Noticed an elephant
  7792 | D:8      | Killed an elephant
  7927 | D:5      | Reached XP level 11. HP: 64/64 MP: 23/23
  8137 | D:4      | Killed Duvessa
  8227 | D:9      | Identified the ring of Vagen {Wiz Str+5 Stlth+}
  8788 | D:9      | Reached skill level 15 in Stealth
  9066 | D:10     | Entered Level 10 of the Dungeon
  9144 | D:10     | Found Hehun's Tremendous Tomes.
  9344 | D:10     | Noticed Psyche
  9348 | D:10     | Killed Psyche
 10011 | D:10     | Found a stormy altar of Qazlal.
 10054 | D:10     | Found a bloodstained altar of Trog.
 10136 | D:10     | Found a shimmering altar of Xom.
 10203 | D:10     | Reached skill level 16 in Stealth
 10385 | D:11     | Noticed a purple ugly thing
 10389 | D:11     | Killed a purple ugly thing
 10441 | D:11     | Noticed a two-headed ogre
 10445 | D:11     | Killed a two-headed ogre
 10542 | D:11     | Noticed Amaemon
 10550 | D:11     | Killed Amaemon
 10551 | D:11     | Reached skill level 5 in Dodging
 10680 | D:11     | Reached XP level 12. HP: 72/72 MP: 26/26
 11201 | D:11     | Found a staircase to the Orcish Mines.
 11466 | D:11     | Reached skill level 5 in Throwing
 11475 | D:11     | Noticed a two-headed ogre
 11477 | D:11     | Killed a two-headed ogre
 11808 | Lair:1   | Entered Level 1 of the Lair of Beasts
 11880 | Lair:1   | Reached skill level 17 in Stealth
 12190 | Lair:1   | Reached **** piety under Ashenzari
 12785 | Lair:1   | Reached skill level 18 in Stealth
 13337 | Lair:2   | Reached XP level 13. HP: 77/80 MP: 18/29
 13449 | Lair:2   | Reached skill level 5 in Fighting
 13512 | Lair:2   | Reached skill level 1 in Ice Magic
 13727 | Lair:2   | Noticed a seven-headed hydra
 13731 | Lair:2   | Killed a seven-headed hydra
 13802 | Lair:2   | Noticed a six-headed hydra
 13904 | Lair:2   | Reached skill level 19 in Stealth
 13905 | Lair:2   | Found a broken altar of Ashenzari.
 14091 | Lair:2   | Killed a six-headed hydra
 14313 | Lair:3   | Found a staircase to the Swamp.
 14431 | Lair:3   | Reached skill level 20 in Stealth
 14739 | Lair:3   | Reached skill level 10 in Short Blades
 14771 | Lair:3   | Reached XP level 14. HP: 88/88 MP: 32/32
 14819 | Lair:3   | Found a staircase to the Snake Pit.
 15576 | Lair:4   | Identified the +3 trident of Egijesh {protect, rPois Will+
                  | Str+2}
 15637 | Lair:4   | Noticed Sonja
 15642 | Lair:4   | Killed Sonja
 15643 | Lair:4   | Reached skill level 21 in Stealth
 15867 | Lair:4   | Found a staircase to the Slime Pits.
 15867 | Lair:4   | Found a viscous altar of Jiyva.
 16278 | Lair:5   | Entered Level 5 of the Lair of Beasts
 16908 | Lair:5   | Reached skill level 22 in Stealth
 16914 | Lair:5   | Learned a level 3 spell: Mephitic Cloud
 16960 | Lair:5   | Identified the +2 pair of boots of Vehumet's Vengeance
                  | {Int+2}
 17264 | Lair:5   | Reached skill level 10 in Spellcasting
 18028 | Lair:5   | Reached XP level 15. HP: 81/92 MP: 33/33
 18777 | Orc:1    | Entered Level 1 of the Orcish Mines
 18893 | Orc:1    | Found Yshobeas's Jewellery Emporium.
 19037 | Orc:2    | Entered Level 2 of the Orcish Mines
 19075 | Orc:2    | Found Qoyt Nua's Overcharged Wands.
 19080 | Orc:2    | Bought a wand of digging (11) for 693 gold pieces
 19165 | Orc:1    | Found the +4 robe of Folly {Brill Will-∞ Int+8}
 19820 | Orc:2    | Found a staircase to the Elven Halls.
 19871 | Orc:2    | Reached skill level 23 in Stealth
 20113 | Orc:2    | Reached skill level 1 in Conjurations
 20157 | Orc:2    | Found Waxt's Antique Weapon Emporium.
 20169 | Orc:2    | Noticed an orc warlord
 20206 | Orc:2    | Killed an orc warlord
 20252 | Orc:2    | Found Minkay's Armour Shop.
 20252 | Orc:2    | Found Juto's Distillery.
 20253 | Orc:2    | Found a roughly hewn altar of Beogh.
 20262 | Orc:2    | Bought a potion of lignification for 33 gold pieces
 20262 | Orc:2    | Bought a potion of mutation for 88 gold pieces
 20262 | Orc:2    | Bought a potion of curing for 33 gold pieces
 20262 | Orc:2    | Bought a potion of curing for 33 gold pieces
 20262 | Orc:2    | Bought a potion of enlightenment for 55 gold pieces
 20262 | Orc:2    | Bought a potion of brilliance for 44 gold pieces
 20262 | Orc:2    | Bought a potion of brilliance for 44 gold pieces
 20262 | Orc:2    | Bought a potion of ambrosia for 88 gold pieces
 20283 | Orc:2    | Found Ithreow's Distillery.
 20356 | Orc:2    | Bought a potion of haste for 130 gold pieces
 20356 | Orc:2    | Bought a potion of lignification for 39 gold pieces
 20356 | Orc:2    | Bought a potion of brilliance for 52 gold pieces
 20356 | Orc:2    | Bought a potion of curing for 39 gold pieces
 20356 | Orc:2    | Bought a potion of mutation for 104 gold pieces
 20356 | Orc:2    | Bought a potion of might for 52 gold pieces
 20356 | Orc:2    | Bought a potion of heal wounds for 65 gold pieces
 20676 | Orc:2    | Gained mutation: You sometimes lose your temper in combat.
                  | [potion of mutation]
 20676 | Orc:2    | Gained mutation: You have hidden genetic defects. [potion
                  | of mutation]
 20676 | Orc:2    | Gained mutation: You are strong-willed. (Will+) [potion of
                  | mutation]
 20676 | Orc:2    | Gained mutation: You are highly strong-willed. (Will++)
                  | [potion of mutation]
 20677 | Orc:2    | Lost mutation: You sometimes lose your temper in combat.
                  | [potion of mutation]
 20677 | Orc:2    | Lost mutation: You have hidden genetic defects. [potion of
                  | mutation]
 20677 | Orc:2    | Gained mutation: You possess an exceptional clarity of
                  | mind. [potion of mutation]
 20677 | Orc:2    | Gained mutation: Your muscles are strong. (Str +4, Int/Dex
                  | -1) [potion of mutation]
 20841 | D:12     | Learned a level 5 spell: Metabolic Englaciation
 21107 | Orc:2    | Bought the +1 buckler "Zehouth" {rN+ Str-4 Int+6} for 448
                  | gold pieces
 21387 | D:12     | Reached skill level 10 in Hexes
 21597 | D:12     | Reached skill level 24 in Stealth
 22137 | D:13     | Found a frozen archway.
 22143 | IceCv    | Entered an ice cave
 22151 | IceCv    | Found a transporter.
 22157 | IceCv    | Reached XP level 16. HP: 97/97 MP: 34/34
 22222 | D:13     | Noticed Nessos
 22239 | D:13     | Killed Nessos
 22420 | D:13     | Learned a level 3 spell: Passwall
 22424 | D:13     | Learned a level 3 spell: Swiftness
 22563 | D:13     | Learned a level 3 spell: Tukima's Dance
 22601 | D:13     | Found a roughly hewn altar of Beogh.
 22764 | D:13     | Found a gate to the Vaults.
 22770 | D:13     | Reached skill level 1 in Alchemy
 22795 | D:13     | Reached skill level 25 in Stealth
 22928 | D:13     | Found a white marble altar of Elyvilon.
 23216 | D:14     | Found Ilajut's Assorted Antiques.
 23320 | D:14     | Found Sop Cosou's Assorted Antiques.
 23344 | D:14     | Bought a potion of heal wounds for 150 gold pieces
 23371 | D:14     | Found Nife's Weapon Emporium.
 23389 | D:14     | Reached ***** piety under Ashenzari
 23536 | D:14     | Found Agiargh's Antique Weapon Shoppe.
 23995 | D:14     | Found a transporter.
 24000 | D:14     | Noticed Teutik's ghost (journeyman TrSh)
 24000 | D:14     | Identified the ring "Potooxt" {rPois rF+ Will+ Dex+3
                  | Stlth-}
 24039 | D:14     | Found a transporter.
 24167 | D:14     | Found Duqic's Distillery.
 24170 | D:14     | Bought a potion of resistance for 140 gold pieces
 24238 | D:14     | Reached skill level 5 in Shields
 24484 | D:15     | Entered Level 15 of the Dungeon
 24488 | D:15     | Noticed Rupert
 24490 | D:15     | Killed Rupert
 24757 | D:15     | Found a radiant altar of Vehumet.
 25076 | Elf:1    | Entered Level 1 of the Elven Halls
 25103 | Elf:1    | Reached skill level 26 in Stealth
 25206 | Elf:1    | Found a runed translucent gate.
 25206 | Elf:1    | Found a runed translucent gate.
 25208 | Elf:1    | Found a runed translucent gate.
 25302 | Elf:1    | Found Teutioly's Antique Armour Emporium.
 25308 | Elf:1    | Found Satzajer's Armour Emporium.
 25309 | Elf:1    | Found Butur's Weapon Emporium.
 25310 | Elf:1    | Found Alleit Rur's Distillery.
 25591 | Elf:1    | Reached XP level 17. HP: 104/104 MP: 37/37
 25611 | Elf:1    | Identified Vehumet's Almanac of Kinetic Energy
 26013 | Orc:2    | Bought a +0 hat for 72 gold pieces
 26023 | Orc:2    | Upgraded the game from 0.32-a0-350-g4f4d228 to
                  | 0.32-a0-351-gc6a9d31
 26395 | Swamp:1  | Entered Level 1 of the Swamp
 26425 | Swamp:1  | Reached skill level 1 in Summonings
 26432 | Swamp:1  | Paralysed by a hornet for 2 turns
 26660 | Swamp:1  | Reached skill level 27 in Stealth
 26728 | Swamp:1  | Learned a level 4 spell: Anguish
 26788 | Swamp:1  | Reached skill level 1 in Armour
 27120 | Swamp:2  | Learned a level 4 spell: Passage of Golubria
 27126 | Swamp:2  | Learned a level 5 spell: Yara's Violent Unravelling
 27151 | Swamp:2  | Reached skill level 1 in Translocations
 27402 | Swamp:2  | Learned a level 7 spell: Enfeeble
 28871 | Swamp:4  | Entered Level 4 of the Swamp
 28912 | Swamp:4  | Reached XP level 18. HP: 113/113 MP: 36/41
 29067 | Swamp:4  | Reached skill level 5 in Translocations
 30226 | Swamp:4  | Noticed a tentacled monstrosity
 30231 | Swamp:4  | Killed a tentacled monstrosity
 30485 | Swamp:4  | Got a decaying rune of Zot
 30897 | Swamp:1  | Found a transporter.
 30926 | Swamp:1  | Found a transporter.
 30953 | Swamp:1  | Noticed Louise
 30967 | Swamp:1  | Killed Louise
 30973 | Swamp:1  | Noticed korenl137's ghost (adept GnCj)
 31090 | Swamp:1  | Identified the ring of Vufed {Ice Stlth+}
 31620 | D:6      | Noticed arrowsters's ghost (novice DsMo)
 31620 | D:6      | Identified the ring "Cesil" {Fire ^Drain rCorr MP+9 Slay+4}
 31631 | D:6      | Killed arrowsters's ghost
 32030 | D:14     | Killed Teutik's ghost
 32545 | Elf:1    | Found an opulent altar of Gozag.
 32579 | Elf:1    | Found a runed translucent gate.
 32580 | Elf:1    | Found a runed translucent gate.
 32581 | Elf:1    | Found a runed translucent gate.
 32617 | Elf:1    | Noticed Hiavinka's ghost (adept DjBe)
 32850 | D:14     | Bought a pitted kite shield for 294 gold pieces
 32850 | D:14     | Identified the +0 kite shield of the Slightly Bent {rF+
                  | rN+++ Will+ Dex-2} (You bought it in a shop on level 14 of
                  | the Dungeon)
 33009 | D:14     | Bought 2 potions of magic for 224 gold pieces
 33641 | Elf:2    | Reached XP level 19. HP: 115/115 MP: 42/42
 33851 | Elf:2    | Reached skill level 15 in Spellcasting
 33972 | Elf:2    | Found a runed translucent gate.
 33973 | Elf:2    | Found a runed translucent gate.
 33977 | Elf:2    | Found a runed translucent gate.
 34467 | Elf:3    | Entered Level 3 of the Elven Halls
 35302 | Elf:3    | Found Polouf's Mass Market.
 35622 | Elf:3    | Identified the ring of Xaizxo Giu {Fly rCorr Stlth+}
 35763 | Elf:3    | Identified the +6 short sword "Culi" {freeze, rElec rPois
                  | Dex+3 Stlth+}
 36089 | Elf:3    | Noticed a deep elf blademaster
 36137 | Elf:3    | Noticed a deep elf blademaster
 36255 | Elf:3    | Identified the +6 shortbow of the Enemy {heavy, Str+5}
 36482 | Elf:3    | Identified the +7 flail "Ynogar" {heavy, Int+3}
 36482 | Elf:3    | Identified the +2 leather armour of Tulips {Int+2}
 36655 | Elf:3    | Identified the staff "Carug" {rPois rCorr Stlth+ Alchemy}
 37141 | Elf:3    | Identified the +2 long sword "Atediq" {freeze, rElec}
 37453 | Elf:3    | Reached XP level 20. HP: 122/122 MP: 37/45
 37669 | Elf:3    | Learned a level 3 spell: Dazzling Flash
 37675 | Elf:3    | Learned a level 5 spell: Silence
 37704 | Elf:3    | Identified the Incunabulum of Accompaniment
 37707 | Elf:3    | Identified Muacimeo's Writings on Bewitchment
 38781 | Snake:1  | Entered Level 1 of the Snake Pit
 38884 | Snake:1  | Found a transporter.
 39320 | D:10     | Bought Jedoyppoeg's Guide on Fluctuating Assembling for
                  | 1008 gold pieces
 39328 | D:10     | Learned a level 5 spell: Summon Mana Viper
 39329 | D:10     | Upgraded the game from 0.32-a0-351-gc6a9d31 to
                  | 0.32-a0-355-ged53ad6
 39849 | Snake:1  | Found a transporter.
 39850 | Snake:1  | Found the +8 orange crystal plate armour {Archmagi, Int+3
                  | Clar}
 39850 | Snake:1  | Identified the ring "Inaleph" {rPois rC- MP+9 Str+4 Dex+9}
 40832 | Snake:2  | Identified the Compilation of Shared Maleficia
 40841 | Snake:2  | Found a transporter.
 40847 | Snake:2  | Found a transporter.
 41021 | Snake:2  | Identified the +1 cloak "Jugop" {rF++ rN+}
 41877 | Snake:3  | Found Jaididdo's Antique Weapon Boutique.
 41881 | Snake:3  | Found Qaji's General Store.
 41882 | Snake:3  | Found Bocvytz's Book Boutique.
 41884 | Snake:3  | Found Jyuduerch's Antique Armour Shop.
 41975 | Snake:3  | Reached skill level 5 in Armour
 42061 | Snake:3  | Reached skill level 1 in Necromancy
 42426 | Snake:3  | Noticed Saint Roka
 42438 | Snake:3  | Killed Saint Roka
 42513 | Snake:3  | Noticed Vashnia
 42518 | Snake:3  | Killed Vashnia
 42603 | Snake:3  | Reached skill level 15 in Hexes
 43040 | Snake:3  | Reached skill level 1 in Evocations
 43046 | Snake:3  | Reached XP level 21. HP: 128/128 MP: 34/47
 43162 | Snake:4  | Entered Level 4 of the Snake Pit
 43180 | Snake:4  | Found Ibel's Armour Shoppe.
 43180 | Snake:4  | Found Enufeu's Jewellery Emporium.
 43182 | Snake:4  | Found Hitisu's Armour Shoppe.
 43810 | Snake:4  | Reached skill level 1 in Air Magic
 45494 | Snake:4  | Got a serpentine rune of Zot
 45830 | Vaults:1 | Entered Level 1 of the Vaults
 46546 | Vaults:1 | Found a transporter.
 46549 | Vaults:1 | Found Eleot's Assorted Antiques.
 46550 | Vaults:1 | Found a transporter.
 47137 | Vaults:1 | Reached skill level 10 in Dodging
 47218 | Vaults:1 | Reached skill level 5 in Evocations
 47778 | Vaults:1 | Mangled by a vault warden

Illustrated notes

Levels and vault maps discovered:
D:1:      lightli_arrival_flooded_house, layout_basic
D:2:      layout_rooms, hellmonk_ecumenical_altar_crossroads, minivault_19
D:3:      layout_basic, mainiacjoe_overflow_paths, serial_aquarium,
          aquarium_bridge_island_small [aquarium_subvault_small_open,
          aquarium_subvault_wall, aquarium_subvault_window,
          aquarium_subvault_wall, aquarium_subvault_bridge],
          aquarium_bridge_square [aquarium_subvault_balcony,
          aquarium_subvault_bridge, aquarium_subvault_bridge,
          aquarium_subvault_wall], aquarium_window_2, aquarium_window_1,
          aquarium_view_2b, aquarium_balcony_double_3, aquarium_pool_four,
          uniq_natasha, uniq_terence
D:4:      layout_gridville, mainiacjoe_overflow_catwalk,
          minmay_temple_entry_proselytizer, uniq_edmund, uniq_duvessa,
          uniq_pikel, uniq_eustachio
D:5:      layout_rooms, mainiacjoe_overflow_six_doors_small, uniq_ijyb
D:6:      layout_basic, cheibrodos_worm_habitat,
          pdpol_wu_jian_five_deadly_venoms, gammafunk_ghost_icy,
          hangedman_decor_growths
D:7:      layout_basic
D:8:      layout_rooms, david_lair_generic, centaur_isle, uniq_maurice
D:9:      layout_roguey, kennysheep_cluttered_room
D:10:     layout_cave_pools, mainiacjoe_overflow_swirl, trog_hazing_becter,
          serial_library, serial_library_hellmonk_hallway_a,
          serial_library_hellmonk_hallway_b, serial_library_hellmonk_big_corner,
          serial_library_hellmonk_room_a, serial_library_hellmonk_small_alcove,
          serial_library_hellmonk_hallway_a,
          serial_library_hellmonk_long_bookcase, grunt_livestock,
          nicolae_shop_i_like_big_books, uniq_psyche
D:11:     layout_roguey, erik_orc_2, uniq_amaemon
D:12:     layout_stronghold
D:13:     layout_roguey [special_room_orc], erik_vaults_2,
          portal_ice_cave_entry_pillars_2, minmay_ruined_shrine, uniq_nessos
D:14:     layout_loops_ring, serial_shops, nicolae_shop_just_a_little_nook,
          nicolae_shop_stone, shop, nicolae_shop_hallway_stairs,
          nicolae_shop_real_fake_doors, nrook_mini_vaults,
          gammafunk_ghost_berserking_beasts, david_greed
D:15:     hangedman_depths_entry_try_elsewhere_first, layout_cave_pods,
          hangedman_decor_slide_cut, statue_in_the_mist_lemuel, hex_large,
          nicolae_vehumet_radiance, uniq_rupert
Temple:   nicolae_temple_great_sept
Lair:1:   layout_regular_city, nicolae_lair_lindhole, grunt_megastairs_1,
          infiniplex_staircase_pool_2
Lair:2:   layout_chaotic_city, basic_altar, beast_lair_carwin_7,
          lemuel_fruit_fields, lemuel_fruit_tree
Lair:3:   layout_roguey, swamp_mist_pool, minmay_snake_entry_guardpost_small,
          chequers_serial_rivers_room_b, serial_bayou_pond_d,
          cheibrodos_lair_reptile_den, grunt_megastairs_3, lemuel_fruit_fields
Lair:4:   layout_hall_layers, slime_entry_1, st_stairs_8, uniq_sonja
Lair:5:   hangedman_lair_tendril_chambers, layout_regular_city,
          guppyfry_lair_end_dragon, infiniplex_staircase_pool
Swamp:1:  layout_basic_swamp, gammafunk_ghost_wrathful_warriors,
          serial_swamp_ruin, evilmike_swamp_ruin_house_4,
          evilmike_swamp_ruin_rubble_1, swamp_pool_1_2,
          nicolae_swamp_triple_paths, uniq_louise
Swamp:2:  layout_falls_marsh, evilmike_swamp_ruin_house_2, swamp_pool_4,
          beargit_elvish_explorers, nicolae_swamp_decorative_isthmus
Swamp:3:  layout_basic_swamp, nicolae_swamp_trees_clearing, swamp_pool_1_2,
          worms_lemuel
Swamp:4:  swamp_basic_johnstein, layout_basic_swamp, swamp_pool_1_2
Snake:1:  gammafunk_sealed_arena, layout_onion, grunt_megastairs_2
Snake:2:  layout_layer_cave, gammafunk_ghost_abyssal_escape,
          nicolae_snake_snake_lake
Snake:3:  layout_rooms, serial_bayou_lake_a, serial_bayou_shore_a,
          grunt_megastairs_5, minmay_shoptagon, uniq_vashnia, uniq_saint_roka
Snake:4:  johnstein_snake_rune_scales, layout_cave_town, minmay_shop_star
Orc:1:    layout_diamond_mine, serial_shops, nicolae_shop_gaudy_bauble,
          abandoned_shop, dreamdust_deal_with_the_devil
Orc:2:    hellmonk_orc_salted, layout_diamond_mine,
          nicolae_shop_overcharged_wands
Elf:1:    elf_arrival_001, layout_loops_cross, ebering_ghost_gozag,
          minmay_elf_annihilation, minmay_shop_grid_forest,
          nicolae_elf_hall_of_bonks
Elf:2:    nicolae_elf_blades_crystal_corner, layout_loops_corners
Elf:3:    grunt_elf_hall_spiral, layout_loops_corners, minivault_16,
          minmay_shop_mass, nicolae_elf_big_sculpture_3,
          hangedman_elf_power_crystal
Vaults:1: v_misc_10, nicolae_vaults_quartermaster, vaults_room_door_hall,
          ontoclasm_vaults_claustrophobia, v_alt_pattern_1,
          hangedman_vaults_cutoff, ontoclasm_vaults_misaligned,
          vaults_dpeg_emergency_exit, v_misc_14,
          nicolae_vaults_taking_the_gang_shopping,
          vaults_room_grunt_arrival_checkpoint, layout_vaults_quadrants,
          serial_shops, nicolae_shop_drivethru

Skill      XL: |  1  2  3  4  5  6  7  8  9 10 11 12 13 14 15 16 17 18 19 20 21 |
---------------+----------------------------------------------------------------+-----
Stealth        | 6 7 8 9 11 13 14 16 18 20 22 24 26 27 | 27.0
Short Blades   | 3 4 5 6 7 8 9 10 11 12 | 12.5
Spellcasting   | 1 2 3 4 5 6 7 8 9 10 11 13 14 16 17 18 | 18.0
Dodging        | 2 3 5 6 7 8 9 10 | 10.0
Hexes          | 1 2 3 4 6 7 8 9 10 11 12 14 15 | 15.5
Throwing       | 3 4 6 |  6.8
Fighting       | 3 4 5 6 7 8 |  8.3
Shields        | 2 3 4 5 6 7 8 |  8.1
Ice Magic      | 3 |  3.7
Conjurations   | 1 2 3 |  3.1
Alchemy        | 1 2 |  2.3
Summonings     | 2 |  2.5
Armour         | 2 3 4 5 |  5.5
Translocations | 4 5 6 |  6.6
Necromancy     | 1 |  1.0
Evocations     | 1 5 |  5.4
Air Magic      | 4 |  4.4

Action                     |  1- 3 |  4- 6 |  7- 9 | 10-12 | 13-15 | 16-18 | 19-21 || total
---------------------------+-------+-------+-------+-------+-------+-------+-------++-------
  Melee: Dagger            |    56 |    83 |   134 |    55 |   541 |   587 |  1133 ||  2589
         Falchion          |       |       |    16 |       |       |       |       ||    16
         Short sword       |       |       |       |   316 |       |       |       ||   316
  Throw: Dart              |     6 |     6 |     9 |    78 |    16 |     7 |    10 ||   132
   Cast: Ensorcelled Hiber |       |     3 |    43 |    78 |   160 |    54 |    89 ||   427
         Blink             |       |       |     1 |       |     4 |     1 |     4 ||    10
         Confusing Touch   |       |       |     1 |     5 |     2 |     4 |       ||    12
         Slow              |       |       |       |     7 |     2 |       |       ||     9
         Mephitic Cloud    |       |       |       |       |    11 |    21 |    11 ||    43
         Tukima's Dance    |       |       |       |       |       |     3 |       ||     3
         Metabolic Englaci |       |       |       |       |       |     1 |     7 ||     8
         Passage of Golubr |       |       |       |       |       |    34 |    12 ||    46
         Enfeeble          |       |       |       |       |       |    46 |    82 ||   128
         Anguish           |       |       |       |       |       |     4 |     1 ||     5
         Summon Mana Viper |       |       |       |       |       |       |    12 ||    12
         Silence           |       |       |       |       |       |       |    24 ||    24
         Yara's Violent Un |       |       |       |       |       |       |     5 ||     5
         Swiftness         |       |       |       |       |       |       |     1 ||     1
 Invoke: Curse Item        |       |       |     4 |     3 |     2 |     3 |     2 ||    14
         Shatter the Chain |       |       |       |     1 |     2 |     3 |       ||     6
  Evoke: Wand              |       |       |     1 |     6 |     3 |     4 |     7 ||    21
    Use: Scroll            |       |     3 |     7 |     7 |     5 |    15 |     5 ||    42
         Potion            |       |       |       |     1 |     3 |     5 |    10 ||    19
   Stab: Sleeping          |    13 |    28 |    57 |    78 |   203 |   177 |   178 ||   734
         Distracted        |       |     1 |     3 |     9 |     7 |    10 |    25 ||    55
         Confused          |       |       |       |     7 |    13 |    26 |    33 ||    79
         Paralysed         |       |       |       |     1 |       |     3 |     3 ||     7
         Held in net/web   |       |       |       |       |     1 |       |     1 ||     2
         Invisible         |       |       |       |       |     5 |    37 |    41 ||    83
         Petrified         |       |       |       |       |       |     1 |     2 ||     3
         Petrifying        |       |       |       |       |       |     1 |     3 ||     4
 Armour: Robe              |    16 |    30 |    14 |    27 |       |       |       ||    87
         Leather armour    |       |       |    47 |   125 |   120 |   146 |       ||   438
         Swamp dragon scal |       |       |       |       |       |    48 |   429 ||   477
  Dodge: Dodged            |    32 |    37 |    98 |   212 |   182 |   257 |   415 ||  1233
  Block: Buckler           |       |       |    11 |   103 |   109 |   117 |       ||   340
         Kite shield       |       |       |       |       |       |     8 |   486 ||   494

Table legend: (Time is in decaauts)
 A = Elapsed time spent in this place.
 B = Non-inter-level travel time spent in this place.
 C = Inter-level travel time spent in this place.
 D = Time resting spent in this place.
 E = Time spent auto-exploring this place.
 F = Levels seen in this place.
 G = Mean time per level.
                   A        B        C        D        E       F      G
               +--------+--------+--------+--------+--------+-----+--------+
         Total |  46786 |  42466 |   4320 |   4363 |  21417 |  36 | 1299.6 |
       Dungeon |  17519 |  15283 |   2236 |   1062 |  10238 |  15 | 1167.9 |
        Temple |     20 |     20 |      0 |      0 |      0 |   1 |   20.0 |
          Lair |   7121 |   6615 |    506 |    430 |   4151 |   5 | 1424.2 |
         Swamp |   4845 |   4597 |    248 |    808 |   1459 |   4 | 1211.2 |
     Snake Pit |   6478 |   6220 |    258 |    708 |   2638 |   4 | 1619.5 |
  Orcish Mines |   2726 |   1897 |    829 |    171 |    900 |   2 | 1363.0 |
   Elven Halls |   6402 |   6162 |    240 |    938 |   1733 |   3 | 2134.0 |
        Vaults |   1629 |   1629 |      0 |    245 |    297 |   1 | 1629.0 |
      Ice Cave |     41 |     41 |      0 |      0 |      0 |   1 |   41.0 |
               +--------+--------+--------+--------+--------+-----+--------+

Top non-repeatable levels by time:
   Elf:3: 3680 daAuts
  Lair:5: 2275 daAuts
 Snake:4: 2166 daAuts
   Orc:2: 2064 daAuts
    D:11: 1832 daAuts
 Snake:2: 1793 daAuts
    D:14: 1675 daAuts
Vaults:1: 1629 daAuts
 Swamp:4: 1531 daAuts
 Snake:3: 1495 daAuts
     D:8: 1495 daAuts
    D:13: 1404 daAuts
   Elf:1: 1399 daAuts
  Lair:2: 1389 daAuts
     D:7: 1388 daAuts
